 Dungeon Crawl Stone Soup version 0.29.1 (webtiles) character file.

Game seed: 87860366273231983

1220 masschaos23 the Covert (level 8, -3/54 HPs)
             Began as an Octopode Brigand on Sept 13, 2022.
             Was an Initiate of Dithmenos.
             Slain by a gnoll
             ... wielding a +0 spear
             ... led by a gnoll bouda
              (7 damage)
             ... on level 5 of the Dungeon.
             The game lasted 00:26:59 (6780 turns).

masschaos23 the Covert (Octopode Brigand)           Turns: 6780, Time: 00:27:00

Health: -3/54      AC:  1    Str: 10    XL:     8   Next: 47%
Magic:  8/8        EV: 14    Int: 13    God:    Dithmenos [......]
Gold:   321        SH:  0    Dex: 16    Spells: 7/7 levels left

rFire   . . .      SeeInvis .   o - +0 whip (drain)
rCold   . . .      Faith    .   (no shield)
rNeg    . . .      Spirit   .   (helmet restricted)
rPois   .          Reflect  .   (no amulet)
rElec   .          Harm     .   (no ring)
rCorr   .          Rampage  .   (no ring)
Will    .....                   (no ring)
Stlth   ++++++....              (no ring)
HPRegen 0.18/turn               (no ring)
MPRegen 0.11/turn               (no ring)
                                (no ring)
                                (no ring)

@: about to teleport, weakened
A: almost no armour, amphibious, 8 rings, camouflage 1, gelatinous body 1,
(nimble swimmer 1), tentacles
a: Renounce Religion


You were on level 5 of the Dungeon.
You worshipped Dithmenos.
Dithmenos was noncommittal.
You visited 1 branch of the dungeon, and saw 6 of its levels.

You collected 321 gold pieces.

Inventory:

Hand Weapons
 a - a +2 dagger
 k - a +0 short sword
 m - a +0 dagger of freezing
 o - a +0 whip of draining (weapon)
 p - a +0 club
 t - a +1 falchion of protection
 w - a +0 short sword
 A - a +0 short sword
Missiles
 c - a curare-tipped dart (quivered)
 E - a throwing net
Armour
 h - the +2 leather armour of Conscience {rElec Int+4}
   (You found it on level 2 of the Dungeon)

   Int:       It affects your intelligence (+4).
   rElec:     It insulates you from electricity.
 s - the +1 robe of Fedhas's Grace {Will+}
   (You found it on level 3 of the Dungeon)

   Will:      It increases your willpower.
 C - a +2 kite shield
 D - a +3 leather armour of cold resistance
Jewellery
 e - a ring of magical power
 i - a ring of ice
 l - a ring of wizardry
Scrolls
 g - a scroll of vulnerability {unknown}
 j - 2 scrolls of identify {unknown}
 n - a scroll of torment {unknown}
 q - a scroll of fear {unknown}
 r - a scroll of brand weapon {unknown}
 y - a scroll of magic mapping {unknown}
 z - a scroll of enchant weapon {unknown}
 B - a scroll of enchant armour {unknown}
Potions
 f - 2 potions of attraction
 u - 2 potions of heal wounds
 v - a potion of mutation {unknown}
 x - a potion of flight {unknown}
 F - a potion of lignification {unknown}


   Skills:
 + Level 4.0 Fighting
 - Level 4.0 Short Blades
 + Level 2.6 Maces & Flails
 + Level 4.1 Throwing
 + Level 2.8 Dodging
 + Level 10.5 Stealth


You had 7 spell levels left.
You didn't know any spells.
Your spell library contained the following spells:

 Spells                   Type           Power      Damage    Failure   Level
 Freeze                   Ice            0%         1d3       30%         1
 Shock                    Conj/Air       0%         1d3       30%         1
 Sting                    Tmut/Pois      0%         1d3       30%         1
 Poisonous Vapours        Pois/Air       0%         N/A       43%         2
 Confusing Touch          Hex            0%         N/A       67%         3
 Frozen Ramparts          Ice            0%         1d1       67%         3
 Swiftness                Air            0%         N/A       67%         3
 Airstrike                Air            0%         2d(0-16)  97%         4
 Hailstorm                Conj/Ice       0%         3d3       97%         4
 Olgreb's Toxic Radiance  Pois           0%         N/A       97%         4
 Yara's Violent Unravell  Hex/Tmut       0%         3d3       100%        5
 Enfeeble                 Hex            0%         N/A       100%        7


Dungeon Overview and Level Annotations

Branches:
Dungeon (6/15)             Temple (0/1) D:5

Altars:
Cheibriados
Dithmenos
Fedhas
Qazlal
Ru
Yredelemnul

Annotations:
D:2 1 runed translucent door, Crazy Yiuf


Innate Abilities, Weirdness & Mutations

You cannot wear most types of armour.
You are amphibious.
You can wear up to eight rings at the same time.
Your skin changes colour to match your surroundings (Stealth+).
Your rubbery body absorbs attacks. (AC +1, EV +1)
((You are camouflaged when in or above water. (Stealth+)))
You have tentacles for arms and can constrict up to eight enemies at once.


Message History

A gnoll comes into view. It is wielding a +0 halberd.
You closely miss the gnoll.
The gnoll shouts! x2
You grab the gnoll.
You squeeze the gnoll, but do no damage.
The gnoll is lightly wounded.
You constrict the gnoll. The gnoll hits you with a +0 whip!
You hit the gnoll but do no damage. You drain the gnoll. You squeeze the gnoll.
The gnoll is severely wounded.
You constrict the gnoll.
You kill the gnoll!
Dithmenos accepts your kill. The gnoll hits you with a +0 whip!
The gnoll looks more healthy.
The gnoll hits you with a +0 spear! The gnoll hits you with a +0 whip.
Things that are here:
a +0 whip; a gnoll corpse You hit the gnoll.
Your grab misses the gnoll. You squeeze the gnoll.
The gnoll is severely wounded.
The gnoll hits you with a +0 spear.
* * * LOW HITPOINT WARNING * * *
The gnoll misses you.
You barely miss the gnoll. You grab the gnoll.
The gnoll is severely wounded.
You constrict the gnoll. The gnoll closely misses you.
The gnoll barely misses you.
As you read the scroll of teleportation, it crumbles to dust.
You feel strangely unstable.
Your attacks no longer feel as feeble.
You constrict the gnoll. The gnoll closely misses you.
The gnoll bouda gazes fiercely through you!
You feel your attacks grow feeble.
The gnoll hits you from afar with a +0 halberd!
* * * LOW HITPOINT WARNING * * *
The gnoll hits you with a +0 whip.
* * * LOW HITPOINT WARNING * * *
The gnoll barely misses you.
You release your grip on the gnoll.
The gnoll barely misses you. The gnoll hits you with a +0 spear!
You die...

#..(....# #.... #....$..#
#.... #.......##########...
#.......##......##...
#........+...........
#######...g...##...........
#....#####g#####...........
#........gg................
#.........@g...............
#..........................
#....##.......##....#..#...
#....##.......#####'#####..
#..<.#........'.>....# #.#
#....#........#......# #..
#....)........#......# #..
#....#.........#....## #..
#....##........###### #.#


You could see a gnoll bouda (poisoned) and 4 gnolls.

Vanquished Creatures
  Grinder (D:3)
  Eustachio (D:5)
  An ogre (D:4)
  A phantom (D:5)
  A kobold brigand (D:6)
  A bullfrog (D:5)
  A scorpion (D:3)
  A gnoll bouda (D:5)
  3 orc priests
  A hound (D:5)
  3 iguanas
  Terence (D:3)
  7 adders
  8 gnolls
  An ufetubus (D:3)
  2 worms
  3 dart slugs
  13 orcs
  3 ball pythons
  8 bats
  9 endoplasms
  4 giant cockroaches
  8 goblins
  5 hobgoblins
  8 jackals
  3 quokkas
  5 frilled lizards
  16 kobolds
  4 rats
123 creatures vanquished.

Vanquished Creatures (others)
  5 demonic plants (D:2)
  2 fungi (D:2)
  3 plants (D:2)
  4 withered plants (D:2)
14 creatures vanquished.

Grand Total: 137 creatures vanquished

Notes
Turn   | Place    | Note
-------+----------+-------------------------------------------
     0 | D:1      | masschaos23 the Octopode Brigand began the quest for the
                  | Orb.
     0 | D:1      | Reached XP level 1. HP: 14/14 MP: 1/1
   140 | D:1      | Reached XP level 2. HP: 19/19 MP: 2/2
   449 | D:1      | You fall into a shaft and drop 1 floor!
   457 | D:2      | Reached skill level 6 in Stealth
   511 | D:2      | Found a faded altar of an unknown god.
   524 | D:2      | Reached XP level 3. HP: 13/25 MP: 3/3
   974 | D:2      | Reached skill level 7 in Stealth
  1180 | D:2      | Found a runed translucent door.
  1181 | D:2      | Noticed Crazy Yiuf
  1441 | D:2      | Reached XP level 4. HP: 30/30 MP: 4/4
  1443 | D:2      | Identified the +2 leather armour of Conscience {rElec
                  | Int+4}
  2660 | D:3      | Found a sacrificial altar of Ru.
  2869 | D:3      | Reached XP level 5. HP: 35/35 MP: 5/5
  2895 | D:3      | Reached skill level 8 in Stealth
  3028 | D:3      | Reached XP level 6. HP: 20/41 MP: 6/6
  3223 | D:3      | Noticed Grinder
  3260 | D:3      | Paralysed by Grinder for 2 turns
  3266 | D:3      | Paralysed by Grinder for 2 turns
  4072 | D:3      | Identified the +1 robe of Fedhas's Grace {Will+}
  4106 | D:3      | Found a basalt altar of Yredelemnul.
  4106 | D:3      | Found a snail-covered altar of Cheibriados.
  4106 | D:3      | Noticed Terence
  4116 | D:3      | Killed Terence
  4126 | D:3      | Found a blossoming altar of Fedhas.
  4133 | D:3      | Found a stormy altar of Qazlal.
  4135 | D:3      | Found a shadowy altar of Dithmenos.
  4142 | D:3      | Became a worshipper of Dithmenos the Shadowed
  4325 | D:3      | Paralysed by Grinder for 4 turns
  4362 | D:3      | Killed Grinder
  4363 | D:3      | Reached skill level 9 in Stealth
  4363 | D:3      | Reached XP level 7. HP: 19/46 MP: 7/7
  5569 | D:5      | Entered Level 5 of the Dungeon
  5593 | D:5      | Noticed Eustachio
  5607 | D:5      | Killed Eustachio
  5608 | D:5      | Reached skill level 1 in Maces & Flails
  5742 | D:5      | Reached skill level 10 in Stealth
  5742 | D:5      | Reached XP level 8. HP: 26/54 MP: 8/8
  6182 | D:6      | Noticed a troll
  6195 | D:5      | HP: 2/54 [gnoll/+0 spear[a gnoll bouda] (8)]
  6290 | D:5      | Found a staircase to the Ecumenical Temple.
  6780 | D:5      | Slain by a gnoll

Illustrated notes

Levels and vault maps discovered:
D:1:      minmay_arrival_split_and_join, layout_basic, minmay_tripent
D:2:      layout_loops_ring, shapermc_ecumenical_altar_gd,
          uniq_crazy_yiuf_cottage
D:3:      layout_loops_cross, chequers_temple_overflow_minitemple,
          amcnicky_altar_gilded, minivault_11, minmay_distorted, uniq_natasha,
          uniq_grinder, uniq_terence
D:4:      layout_layer_cave
D:5:      layout_gridville, minmay_temple_entry_waves, uniq_eustachio
D:6:      layout_loops_cross, minmay_starry_boxes, uniq_maggie

Skill      XL: |  1  2  3  4  5  6  7  8 |
---------------+-------------------------+-----
Stealth        | 6 7 8 9 10 | 10.5
Short Blades   | 3 4 |  4.0
Fighting       | 3 4 |  4.0
Dodging        | 2 |  2.8
Throwing       | 3 4 |  4.1
Maces & Flails | 1 2 |  2.6

Action                   |  1- 3 |  4- 6 |  7- 9 || total
-------------------------+-------+-------+-------++-------
Melee: Dagger            |    72 |   107 |       ||   179
       Constrict         |    14 |    37 |    25 ||    76
       Tentacles         |    11 |    36 |    31 ||    78
       Punch             |     1 |     1 |     3 ||     5
       Whip              |       |     8 |    99 ||   107
Throw: Dart              |       |    15 |    29 ||    44
       Throwing net      |       |       |     3 ||     3
  Use: Potion            |       |     3 |     3 ||     6
       Scroll            |       |     3 |     1 ||     4
 Stab: Sleeping          |    14 |    14 |     6 ||    34
       Held in net/web   |       |       |     2 ||     2
Armor: Skin              |     3 |     6 |       ||     9
Dodge: Dodged            |    37 |    49 |    68 ||   154
